cohdb
Replays
Latest Replays
All Replays
Popular Replays
Top Player Replays
Match Explorer
How It Works
Community
CoH3 Stats
Reddit
Sign in to upload your games and track your stats! →
Sign in with Steam
Match 47452750
Unlisted
Match 47452750
Overview
Messages
Build Orders
End
Construct Infanterie Kompanie
Grenadier Squad
MG 42 Machine Gun Team
GrW 34 Mortar Team
Grenadier Squad
Construct Luftwaffe Kompanie
Medical Station
221 Scout Car
Jäger Squad
Support Elements
Selects Breakthrough Battlegroup
Selects Rapid Production
Marder III M Tank Destroyer
勇者
Bogu
Torus
The Spanish Player
Fsihbone
lengfeng988
simiver
Derpmaci
0
0
Comments
sign in to comment!
No comments posted yet!